AoeStats
← Brown Sugar

Four Lakes

508324120Analyzed
1v1 RM · 9d ago on Sep 21, 2026· 33m 57s· 2 players
Game mode
Random Map
Map size
Tiny (2 player)
Population
200
Speed
Normal
Resources
Standard
Victory
Conquest
Starting age
Dark Age
Ending age
Imperial Age
RankedLock teamsTeams togetherTeam positionsShared explorationLock speedFull tech treeHidden civsTurbo modeCheats
Victory
Defeat
🇺🇸 Japanese · United States
857
+18
🇺🇸 Japanese · United States
895
-18
Brown Sugar
7:29 Loom
10:41 Feudal Age
10:42 Man-at-Arms
16:35 Double-Bit Axe
16:58 Fletching
20:44 Castle Age
19:38 Horse Collar
20:09 Padded Archer Armor
22:34 Bodkin Arrow
23:46 Thumb Ring
24:21 Wheelbarrow
26:47 Leather Archer Armor
26:49 Elite Skirmisher
31:53 Ballistics
31:47 Husbandry
docholiday3755
12:35 Feudal Age
11:45 Loom
13:10 Double-Bit Axe
13:35 Man-at-Arms
15:06 Fishing Lines
23:08 Castle Age
23:38 Gold Mining
26:05 Thumb Ring
25:54 Fletching
26:04 Padded Archer Armor
31:00 Ballistics
31:18 Bloodlines
31:26 Long Swordsman
31:52 Gambesons
32:08 Squires
Connection lost

Rejoining the realm…

Still unreachable

The connection could not be restored.

Session expired

The server has moved on; the page needs a fresh start.